 Dungeon Crawl Stone Soup version 0.32-a0-913-g739538afd8 (webtiles) character file.

Game seed: 5956020170371630554

30 GiantSquids the Chopper (level 3, 0/31 HPs)
             Began as a Mountain Dwarf Fighter on Apr 8, 2024.
             Incinerated by a bombardier beetle (6 damage)
             ... with a burning spray
             ... on level 2 of the Dungeon.
             The game lasted 00:00:49 (897 turns).

GiantSquids the Chopper (Mountain Dwarf Fighter)     Turns: 897, Time: 00:00:49

Health: 0/31       AC:  6    Str: 20    XL:     3   Next: 5%
Magic:  3/3        EV:  8    Int:  8    God:
Gold:   25         SH:  4    Dex:  9    Spells: 2/2 levels left

rFire   . . .        a - +0 war axe
rCold   . . .        c - +0 buckler
rNeg    . . .        b - +0 scale mail
rPois   .            (no helmet)
rElec   .            (no cloak)
rCorr   .            (no gloves)
SInv    .            (no boots)
Will    .....        (no amulet) Stlth
                     (no ring)
HPRegen 0.25/turn    (no ring)
MPRegen 0.08/turn

%: no passive effects
@: on fire, glowing
A: runic magic, artefact enchanting
a: no special abilities


You were on level 2 of the Dungeon.
You visited 1 branch of the dungeon, and saw 2 of its levels.

You collected 25 gold pieces.

Inventory:

Hand Weapons
 a - a +0 war axe (weapon)
Armour
 b - a +0 scale mail (worn)
 c - a +0 buckler (worn)
 h - a +0 pair of gloves
Scrolls
 e - a scroll of amnesia {unknown}
 g - a scroll of fear {unknown}
 j - a scroll of teleportation {unknown}
 k - a scroll of torment {unknown}
Potions
 d - a potion of might
 f - a potion of cancellation {unknown}
 i - a potion of haste {unknown}


   Skills:
 - Level 3.2 Fighting
 + Level 4.3 Axes
 - Level 3.2 Armour
 - Level 3.2 Shields


You had 2 spell levels left.
You didn't know any spells.
Your spell library contained the following spells:

 Spells                   Type           Power      Damage    Failure   Level
 Call Imp                 Summ           0%         N/A       71%         2
 Sublimation of Blood     Necr           0%         N/A       71%         2
 Summon Hydra             Summ           0%         N/A       100%        7


Dungeon Overview and Level Annotations

Branches:
Dungeon (1/15)

Altars:


Innate Abilities, Weirdness & Mutations

Your spellcasting is much less encumbered by armour.
You can use scrolls of enchantment on lesser artefacts.


Message History

The giant cockroach barely misses you.
You hit the giant cockroach.
The giant cockroach is almost dead.
You block the giant cockroach's attack.
You barely miss the giant cockroach.
The giant cockroach is almost dead.
The giant cockroach closely misses you. The giant cockroach bites you.
You slash the giant cockroach!
You kill the giant cockroach!
No target in view!
HP restored.
k - a scroll labelled CAOXYG OFUCUWO A bombardier beetle comes into view.
A bombardier beetle is nearby!
Found a stone staircase leading down.
The bombardier beetle sprays incendiary fluid at you.
The burning spray hits you.
You are covered in liquid fire!
You closely miss the bombardier beetle. The liquid fire burns you!
You hit the bombardier beetle.
The bombardier beetle is lightly wounded.
The liquid fire burns you!
You block the bombardier beetle's attack.
You hit the bombardier beetle.
The bombardier beetle is moderately wounded.
The liquid fire burns you!
The bombardier beetle barely misses you.
You hit the bombardier beetle.
The bombardier beetle is moderately wounded.
The liquid fire burns you!
The bombardier beetle bites you but does no damage.
You hit the bombardier beetle but do no damage.
The bombardier beetle is moderately wounded.
The liquid fire burns you!
* * * LOW HITPOINT WARNING * * *
You slash the bombardier beetle!
You kill the bombardier beetle!
The liquid fire burns you!
You die...

###....# #......# .#
#.#...## #####.#
#.##.## ##.....#
#.##.# ##......#
#.##.####~~.....#
#.##.......~.~..# ###
#.##..##.#...~†.##..>.
#.##..#.##....@....###
#.##..##.#............
#............#.######.
##.#..##.....#.#
#....###..>.#.#
##.#..........#
#.#####.#..### #.#
#...#...# #.#
#.#####†....#


There were no monsters in sight!

Vanquished Creatures
  A bombardier beetle (D:2)
  A gnoll (D:1)
  A dart slug (D:1)
  A ball python (D:1)
  An endoplasm (D:1)
  2 giant cockroaches
  A goblin (D:1)
  4 hobgoblins (D:1)
  2 jackals (D:1)
  A kobold (D:1)
  A rat (D:2)
16 creatures vanquished.

Notes
Turn   | Place    | Note
-------+----------+-------------------------------------------
     0 | D:1      | GiantSquids the Mountain Dwarf Fighter began the quest for
                  | the Orb.
     0 | D:1      | Reached XP level 1. HP: 19/19 MP: 1/1
   139 | D:1      | Reached skill level 3 in Axes
   327 | D:1      | Reached XP level 2. HP: 26/26 MP: 2/2
   682 | D:1      | Reached skill level 4 in Axes
   815 | D:1      | Reached XP level 3. HP: 31/31 MP: 3/3
   849 | D:1      | You fall into a shaft and drop 1 floor!
   897 | D:2      | Incinerated by a bombardier beetle

Illustrated notes

Levels and vault maps discovered:
D:1:      onia_arrival_mini_spirals, layout_basic, st_stairs_6,
          hex_intersection, nicolae_hexahallways, chequers_serial_rivers_room_b,
          serial_bayou_crossing
D:2:      layout_loops_ring, serial_shops, shop, grunt_ministairs_2,
          chequers_serial_rivers_micro_c, chequers_serial_rivers_micro_c

Skill      XL: |  1  2 |
---------------+-------+-----
Axes           | 3 4 |  4.3
Fighting       | |  3.2
Armour         | |  3.2
Shields        | |  3.2

Action                     || total
---------------------------++-------
  Melee: War axe           ||    56
 Armour: Scale mail        ||    38
  Dodge: Dodged            ||    24
  Block: Buckler           ||     6

Table legend: (Time is in decaauts)
 A = Elapsed time spent in this place.
 B = Non-inter-level travel time spent in this place.
 C = Inter-level travel time spent in this place.
 D = Time resting spent in this place.
 E = Time spent auto-exploring this place.
 F = Levels seen in this place.
 G = Mean time per level.
                   A        B        C        D        E       F      G
               +--------+--------+--------+--------+--------+-----+--------+
         Total |    930 |    930 |      0 |      0 |    802 |   2 |  465.0 |
       Dungeon |    930 |    930 |      0 |      0 |    802 |   2 |  465.0 |
               +--------+--------+--------+--------+--------+-----+--------+

Top non-repeatable levels by time:
     D:1: 879 daAuts
     D:2: 50 daAuts
